Valk Girl, lawful female human Valkyrie -------+- --------- |.....%%| |.......| |..(..))| |.......| ......%)| |.......| |.....)).####|.......| |....II.| #..<.....- |....I))| -+------- --------- Valk Girl the Woman-at-arms Experience level: 10 Strength: 25 Dexterity: 15 Constitution: 18 Intelligence: 7 Wisdom: 9 Charisma: 8 Health: 0(87) Energy: 27(27) Def: 12 Gold: 2220 Moves: 9095 Dungeon seed: CP7n_Cq-UMeneuzK Game ID: Valk Girl_1566562966 Your Inventory: Coins $ - 2220 gold pieces Weapons a - the blessed rustproof +1 Excalibur (weapon in hand) b - a +0 dagger o - 6 +0 darts V - a +0 worm tooth Armor e - an uncursed +3 small shield (being worn) n - an uncursed +0 ring mail (being worn) q - an uncursed +0 dwarvish iron helm (being worn) r - a blessed +1 pair of iron shoes (being worn) y - an uncursed +0 pair of leather gloves z - an uncursed +0 pair of gauntlets of power (being worn) N - a cursed -2 leather cloak (being worn) Comestibles c - 4 uncursed food rations m - an uncursed tripe ration Scrolls d - an uncursed scroll of create monster k - a cursed scroll of create monster M - an uncursed scroll of teleportation P - an uncursed scroll of food detection Y - an uncursed scroll of scare monster Z - an uncursed scroll of fire Potions g - an uncursed potion of restore ability l - a blessed potion of levitation X - an uncursed potion of water Rings h - a blessed ring of levitation u - an uncursed ring of free action (on left hand) S - an uncursed ring of cold resistance Wands f - a cursed wand of magic missile (0:2) G - a wand of digging (0:3) U - a wand of cold (0:3) W - a wand of teleportation (0:4) Tools i - an uncursed tin opener w - an uncursed bag of holding F - a +0 unicorn horn K - an uncursed towel Contents of the bag of holding: 2753 gold pieces the blessed +2 Grayswandir an uncursed scroll of amnesia an uncursed scroll of fire an uncursed scroll of genocide a cursed scroll of gold detection a cursed scroll of magic mapping an uncursed scroll of remove curse a cursed scroll of teleportation a cursed potion of confusion a blessed potion of extra healing an uncursed potion of object detection a cursed potion of sleeping a potion of unholy water an uncursed potion of water a blessed ring of polymorph an uncursed ring of stealth an uncursed ring of warning a wand of create monster (0:14) a cursed wand of locking (0:8) a wand of slow monster (0:6) a wand of slow monster (0:4) a wand of striking (0:6) a cursed wand of teleportation (0:6) Spells and supernatural/magical abilities: Name Level Category Fail Memory W - pray for help -- divine ? -- Your skills at the end: Fighting Skills Weapon Skills dagger [Basic] long sword [Basic] Spellcasting Skills Final Attributes: You were piously aligned. You were cold resistant. You were level-drain resistant. You were telepathic. You had automatic searching. You were stealthy. You were fast. You had free action. You are dead. Vanquished creatures: 2 vampires 4 ghosts a queen bee 2 giant mimics 2 large mimics 2 long worms 2 air elementals a giant mummy a giant zombie a sergeant a winter wolf 3 small mimics a xan a troll an erinys a large dog a freezing sphere a shocking sphere a tiger a human mummy 2 cobras 8 wraiths 4 ettin zombies 14 soldiers a succubus 2 giant beetles a cockatrice a wolf a gremlin 7 leprechauns a giant spider a horse 2 vampire bats 3 gnome kings an ogre a yeti a werewolf a Green-elf a dog a dingo 2 jaguars a gray unicorn 2 black unicorns 2 plains centaurs a gnome mummy a human zombie a soldier ant 4 fire ants 11 bugbears a quasit a mountain nymph a Mordor orc 4 Uruk-hai 2 orc shamans a rock piercer a rock mole 3 ponies a yellow light a shrieker a violet fungus 6 gnome lords 3 gnomish wizards a kobold mummy a red naga hatchling a golden naga hatchling a gray ooze 9 elf zombies 3 ghouls 3 floating eyes 2 kittens 2 dwarves a homunculus 2 kobold shamans 2 rothes 4 giant bats a monkey 3 orc zombies 5 dwarf zombies a werejackal 2 iguanas 10 killer bees 3 acid blobs a hobbit 4 manes a large kobold 12 hobgoblins 5 giant rats 5 cave spiders a brown mold 2 yellow molds 2 green molds a red mold 28 gnomes 3 garter snakes 3 gnome zombies 4 geckos 14 jackals 3 foxes 2 kobolds 2 goblins 2 sewer rats 7 grid bugs 6 lichens 3 kobold zombies 8 newts 311 creatures vanquished. Voluntary challenges: You had followed a strict vegan diet until turn 3519. You had followed a strict vegetarian diet until turn 3519. You had been an atheist until turn 7666. You used a wielded weapon 536 times, starting on turn 4. You read items or engraved 18 times, starting on turn 815. You never genocided any monsters. You never polymorphed an object. You changed form 2 times, starting on turn 7383. You used 7 wishes, starting on turn 4930. You wished for your your first artifact on turn 4930. You never split a pudding. You never wrote Elbereth's name. You violated your moral code, losing 13 points of alignment, starting on turn 3356. Dungeon overview: The Dungeons of Doom: levels 1 to 19 Level 1 a long staircase Level 2 a hardware shop, some sinks Level 3 a delicatessen Level 4 stairs to The Gnomish Mines Level 5 Level 6 a scroll shop Level 7 many fountains Level 8 stairs to Sokoban Level 9 a fountain Level 10 many fountains Level 11 a temple to Loki, a fountain Level 12 a fountain Level 13 Level 14 portal to The Quest Level 15 Level 16 a fountain, a sink Level 17 Level 18 a fountain Level 19 <- You were here The Gnomish Mines: levels 5 to 8 Level 5 stairs to The Dungeons of Doom Level 6 Level 7 Level 8 many shops, a temple to Loki, some fountains The Quest: Level 1 a fountain portal to The Dungeons of Doom Sokoban: levels 6 to 7 Level 6 Level 7 stairs to The Dungeons of Doom History has recorded: On T:1 you entered the Dungeons of Doom to retrieve the Amulet of Yendor! On T:254 you reached level 2 of The Dungeons of Doom. On T:282 you advanced to experience level 2. On T:384 you advanced to experience level 3. On T:396 you advanced to experience level 4. On T:906 you reached level 3 of The Dungeons of Doom. On T:1197 you advanced to experience level 5. On T:1294 you reached level 4 of The Dungeons of Doom. On T:1441 you reached level 1 of The Gnomish Mines. On T:1829 you advanced to experience level 6. On T:2068 you reached level 2 of The Gnomish Mines. On T:2922 you reached level 3 of The Gnomish Mines. On T:3147 you reached level 4 of The Gnomish Mines. On T:3227 you advanced to experience level 7. On T:3596 you reached level 5 of The Dungeons of Doom. On T:3949 you reached level 6 of The Dungeons of Doom. On T:4368 you reached level 7 of The Dungeons of Doom. On T:4540 you reached level 8 of The Dungeons of Doom. On T:4626 you advanced to experience level 8. On T:4778 you reached level 4 of Sokoban. On T:4930 you wished for "Blessed +2 Grayswandir". On T:4933 you wished for "2 Blessed Scrolls of Recharing". On T:4934 you wished for "2 Blessed Scroll of Charging". On T:4941 you wished for "Blessed Greased +2 Silver Dragon Scale Mail". On T:4950 you wished for "Blessed Ring of Levitation". On T:5246 you wished for "2 Blessed Scroll of Enchant Armor". On T:5411 you reached level 3 of Sokoban. On T:5488 you reached level 9 of The Dungeons of Doom. On T:5912 you reached level 10 of The Dungeons of Doom. On T:5996 you reached level 11 of The Dungeons of Doom. On T:5999 you reached level 13 of The Dungeons of Doom. On T:6284 you reached level 12 of The Dungeons of Doom. On T:6421 you advanced to experience level 9. On T:7171 you reached level 14 of The Dungeons of Doom. On T:7187 you reached level 1 of The Quest. On T:7422 you reached level 15 of The Dungeons of Doom. On T:7908 you reached level 16 of The Dungeons of Doom. On T:8187 you advanced to experience level 10. On T:8290 you reached level 17 of The Dungeons of Doom. On T:8888 you reached level 18 of The Dungeons of Doom. On T:9039 you reached level 19 of The Dungeons of Doom. Score breakdown: Gold: 4973 (12574 points) Experience: 10 levels (16712 points) Exploration: 19 levels ( 36.54%) (17822 points) Discoveries: 39 items ( 15.85%) (11944 points) Valuables value: (no points given unless you survive) Artifact value: 4000 (12253 points) Variety of kills: 105 monsters ( 27.56%) (15749 points) Turncount: 9095 turns (-2238 points) Survival: died (score multiplied by 80%) Total score: 67852 Latest messages: The soldier picks up a glaive. The soldier picks up a fauchard. The soldier picks up a scroll of teleportation. The soldier wields a spetum! The soldier drinks a potion of invisibility! Suddenly you cannot see the soldier. The soldier zaps a maple wand! The sleep ray hits the soldier. The sleep ray misses the sergeant. The sleep ray hits you! The sleep ray bounces! You hear the rattle of battle gear being readied. It hits! (4x) It is missed. You are hit! It is missed. (2x) You are hit! Valkyrie, your life force is running out. It is missed. It is hit. It hits! You die... Final status: Farvel Valk Girl the Valkyrie, killed by a sergeant, while sleeping... You died in The Dungeons of Doom on dungeon level 19 with 67852 points, and 4973 pieces of gold, after 9095 moves. You were level 10 with a maximum of 87 hit points when you died.